 Dungeon Crawl Stone Soup version 0.29-a0-541-gaf1fc19f1b (webtiles) character file.

Game seed: 476345856237276646

67 grumblor the Skirmisher (level 4, -3/37 HPs)
             Began as a Mummy Fighter on June 3, 2022.
             Slain by Natasha (4 damage)
             ... on level 2 of the Dungeon.
             The game lasted 00:01:46 (1788 turns).

grumblor the Skirmisher (Mummy Fighter)             Turns: 1788, Time: 00:01:47

Health: -3/37      AC:  6    Str: 21    XL:     4   Next: 0%
Magic:  4/4        EV:  5    Int:  7    God:
Gold:   97         SH: 11    Dex: 11    Spells: 3/3 levels left

rFire   x . .      SeeInvis .   a - +0 war axe
rCold   + . .      Faith    .   f - +0 tower shield
rNeg    + + +      Spirit   .   b - +0 scale mail
rPois   ∞          Reflect  .   (no helmet)
rElec   .          Harm     .   (no cloak)
rCorr   .          Rampage  .   (no gloves)
Will    .....                   (no boots)
Stlth   ..........              (no amulet)
HPRegen 0.12/turn               (no ring)
MPRegen 0.09/turn               (no ring)

@: no status effects
A: cold resistance 1, negative energy resistance 3, torment resistance 2, heat
vulnerability 1, in touch with death 1, no potions
a: no special abilities


You were on level 2 of the Dungeon.
You visited 1 branch of the dungeon, and saw 2 of its levels.

You collected 97 gold pieces.

Inventory:

Hand Weapons
 a - a +0 war axe (weapon)
Armour
 b - a +0 scale mail (worn)
 f - a +0 tower shield (worn)
Scrolls
 c - a scroll of identify {unknown}
 d - a scroll of teleportation {unknown}
 e - a scroll of poison {unknown}


   Skills:
 * Level 4.1 Fighting
 + Level 2.5 Axes
 - Level 2.4 Armour
 * Level 2.5 Shields


You had 3 spell levels left.
You didn't know any spells.
Your spell library was empty.

Dungeon Overview and Level Annotations

Branches:
Dungeon (2/15)

Altars:

Annotations:
D:2 Natasha


Innate Abilities, Weirdness & Mutations

You are immune to poison.
Your flesh is cold resistant. (rC+)
You are immune to negative energy. (rN+++)
You are immune to unholy pain and torment.
You are vulnerable to heat. (rF-)
You are in touch with the powers of death.
You do not drink.


Message History

You hit the rat.
You kill the rat!
You start resting.
Natasha, Servant of Life and Death comes into view.
Natasha moves out of view.
You start resting.
A kobold comes into view. It is wielding a +0 whip.
The kobold throws a stone.
The stone hits you. You block the kobold's attack.
You completely miss the kobold. You block the kobold's attack.
The kobold hits you with a +0 whip.
You hit the kobold.
You kill the kobold!
You have reached level 4!
e - a scroll labelled IHOACW CIEM
Things that are here:
a +0 whip; 5 stones; a kobold corpse You start resting.
Natasha is nearby!
Natasha is nearby!
Natasha hisses angrily.
You start resting.
Natasha is nearby!
Natasha is nearby!
You block Natasha's attack.
You barely miss Natasha. You block Natasha's attack. Natasha claws you.
You hit Natasha.
Natasha is moderately wounded.
Natasha barely misses you. Natasha claws you!
* * * LOW HITPOINT WARNING * * *
You closely miss Natasha.
Natasha is moderately wounded.
Natasha claws you.
* * * LOW HITPOINT WARNING * * *
You barely miss Natasha.
Natasha is moderately wounded.
Natasha claws you.
* * * LOW HITPOINT WARNING * * *
Natasha claws you.
You die...

#.# .. #.# .#
#.#
..##########.#
..#.........#
..#.#########
#.#.# #.#.#
#)#@# #.h.#
#### #...#
..... #...#
..... #..>#
....[. #.###
......####.###
.............#
.............#


You could see Natasha.

Vanquished Creatures
  Natasha (D:2)
  A dart slug (D:1)
  3 bats (D:1)
  4 endoplasms
  3 goblins (D:1)
  6 hobgoblins
  3 jackals (D:1)
  A quokka (D:1)
  7 ball pythons
  2 frilled lizards (D:1)
  4 kobolds
  4 rats
39 creatures vanquished.

Vanquished Creatures (others)
  8 plants (D:2)
  11 withered plants (D:2)
19 creatures vanquished.

Grand Total: 58 creatures vanquished

Notes
Turn   | Place    | Note
-------+----------+-------------------------------------------
     0 | D:1      | grumblor the Mummy Fighter began the quest for the Orb.
     0 | D:1      | Reached XP level 1. HP: 18/18 MP: 1/1
   324 | D:1      | Reached XP level 2. HP: 21/24 MP: 2/2
  1148 | D:1      | Gained mutation: You are in touch with the powers of death.
                  | [Mummy growth]
  1148 | D:1      | Reached XP level 3. HP: 30/30 MP: 3/3
  1646 | D:2      | Noticed Natasha
  1656 | D:2      | Killed Natasha
  1657 | D:2      | Reached skill level 4 in Fighting
  1677 | D:2      | Noticed Natasha
  1730 | D:2      | Reached XP level 4. HP: 14/37 MP: 4/4
  1788 | D:2      | HP: 1/37 [Natasha (3)]
  1788 | D:2      | Slain by Natasha

Illustrated notes

Levels and vault maps discovered:
D:1:      lightli_arrival_isolated_outpost, layout_basic, dk_noncrumbling_4
D:2:      layout_basic, serial_shops,
          nicolae_shop_temple_entry_statues_fountains,
          shapermc_ecumenical_altar_flowoftime, uniq_natasha

Skill      XL: |  1  2  3 |
---------------+----------+-----
Axes           | 2 |  2.5
Fighting       | 4 |  4.1
Armour         | |  2.4
Shields        | |  2.5

Action                   |  1- 3 |  4- 6 || total
-------------------------+-------+-------++-------
Melee: War axe           |    95 |     4 ||    99
  Use: Scroll            |     1 |       ||     1
Armor: Scale mail        |    60 |       ||    60
Dodge: Dodged            |    57 |     1 ||    58
Block: Buckler           |    14 |       ||    14
       Tower shield      |    21 |     2 ||    23

Table legend: (Time is in decaauts)
 A = Elapsed time spent in this place.
 B = Non-inter-level travel time spent in this place.
 C = Inter-level travel time spent in this place.
 D = Time resting spent in this place.
 E = Time spent auto-exploring this place.
 F = Levels seen in this place.
 G = Mean time per level.
                   A        B        C        D        E       F      G
               +--------+--------+--------+--------+--------+-----+--------+
         Total |   1854 |   1788 |     66 |    110 |   1395 |   2 |  927.0 |
       Dungeon |   1854 |   1788 |     66 |    110 |   1395 |   2 |  927.0 |
               +--------+--------+--------+--------+--------+-----+--------+

Top non-repeatable levels by time:
     D:1: 1462 daAuts
     D:2: 391 daAuts
